 Dungeon Crawl Stone Soup version 0.28.0 (webtiles) character file.

Game seed: 892680086462078358

2 KamiKatze the Sneak (level 1, 0/20 HPs)
             Began as a Minotaur Delver on Feb 15, 2022.
             Slain by an orc (3 damage)
             ... on level 4 of the Dungeon.
             The game lasted 00:02:28 (188 turns).

KamiKatze the Sneak (Minotaur Delver)                Turns: 188, Time: 00:02:28

Health: 0/20       AC:  3    Str: 16    XL:     1   Next: 33%
Magic:  0/0        EV: 11    Int:  7    God:
Gold:   13         SH:  0    Dex: 11    Spells: 0/0 levels left

rFire   . . .      SeeInvis .   a - +0 hand axe
rCold   . . .      Faith    .   (no shield)
rNeg    . . .      Spirit   .   b - +0 leather armour
rPois   .          Reflect  .   (helmet restricted)
rElec   .          Harm     .   (no cloak)
rCorr   .          Rampage  .   (no gloves)
Will    .....                   (no boots)
Stlth   +.........              (no amulet)
HPRegen 0.06/turn               (no ring)
MPRegen 0.07/turn               (no ring)

@: confused, hasted, very quick
A: horns 2, retaliatory headbutt
a: no special abilities


You were on level 4 of the Dungeon.
You visited 1 branch of the dungeon, and saw 2 of its levels.

You collected 13 gold pieces.

Inventory:

Hand Weapons
 a - a +0 hand axe (weapon)
Armour
 b - a +0 leather armour (worn)
Jewellery
 i - a ring of willpower
Wands
 g - a wand of digging (2)
Scrolls
 c - a scroll of fog
 d - a scroll of magic mapping
Potions
 f - a potion of haste


   Skills:
 + Level 3.6 Fighting
 * Level 2.5 Axes
 + Level 2.2 Dodging
 - Level 4.1 Stealth
 + Level 0.1 Evocations


You couldn't memorise any spells.
You didn't know any spells.
Your spell library was empty.

Dungeon Overview and Level Annotations

Branches:
Dungeon (5/15)
 Temple: D:4-7

Altars:


Innate Abilities, Weirdness & Mutations

You have a pair of horns on your head.
You reflexively headbutt those who attack you in melee.


Message History

The scorpion stings you.
* * * LOW HITPOINT WARNING * * *
You feel yourself speed up. The scorpion barely misses you.
You furiously retaliate!
You headbutt the scorpion, but do no damage.
The scorpion closely misses you. You furiously retaliate!
You headbutt the scorpion.
Unknown command.
Okay, then.
Okay, then.
You don't have any such object.
Evoke which item? (* to show all) (? for menu, Esc to quit)
Huh?
Evoke which item? (* to show all) (? for menu, Esc to quit)
Okay, then.
Aiming: Dig
Press: ? - help, Shift-Dir - straight line A rock wall.
The rock shatters into small pieces.
The black bear completely misses you. The black bear closely misses you. x2
Found a scale mail.
A scorpion is nearby!
Found a stone staircase leading down.
Found a scroll labelled TAROZX OKIPSEI.
Found a stone staircase leading up.
A jelly comes into view.
Your extra speed is starting to run out.
There is a stone staircase leading up here.
You start resting.
A scorpion is nearby!
You feel yourself slow down.
You climb upwards.
The orc shouts! x3
Found a runed rapier and a throwing net.
There is a stone staircase leading down here.
You feel yourself speed up.
The orc wizard points at you and mumbles some strange words.
You are confused.
The orc hits you but does no damage. The orc hits you with a +0 flail.
You die...

⌠...####
......##
###......# ⌠
#....(...#
..#........#
..........#
#.......o.##..#
#o@o....#
#.......#
#o##.##... #.
..# # #. ... #.
.... #. .... ..
....


You could see an orc wizard and 3 orcs.

Vanquished Creatures
  A dart slug (D:5)
1 creature vanquished.

Notes
Turn   | Place    | Note
-------+----------+-------------------------------------------
     0 | D:5      | KamiKatze the Minotaur Delver began the quest for the Orb.
     0 | D:5      | Reached XP level 1. HP: 19/19 MP: 0/0
    30 | D:5      | Noticed a black bear
   112 | D:5      | Noticed a scorpion
   137 | D:5      | HP: 1/20 [scorpion (2)]
   172 | D:5      | Noticed a jelly
   187 | D:4      | Noticed an orc wizard
   188 | D:4      | Slain by an orc

Illustrated notes

Levels and vault maps discovered:
D:4:      layout_cave_pods, minmay_temple_entry_junction_2,
          hangedman_decor_clover_reticule, uniq_duvessa
D:5:      layout_basic, minmay_misc_feat_diagonals, serial_park_tiny_2,
          uniq_edmund, uniq_sigmund

Action                   || total
-------------------------++-------
Melee: Hand axe          ||     6
Evoke: Wand              ||     1
  Use: Scroll            ||     2
       Potion            ||     2
 Stab: Sleeping          ||     1
Armor: Leather armour    ||     2
Dodge: Dodged            ||     7
